 Dungeon Crawl Stone Soup version 0.23.2-33-g5129a83184 (webtiles) character file.

Game seed: 40409911178789916

227 beigtais the Sneak (level 5, -10/39 HPs)
             Began as a Demonspawn Assassin on June 26, 2019.
             Mangled by an ogre
             ... wielding a +0 giant club
              (28 damage)
             ... on level 4 of the Dungeon.
             The game lasted 00:12:46 (3632 turns).

beigtais the Sneak (Demonspawn Assassin)            Turns: 3632, Time: 00:12:47

Health: -10/39     AC:  6    Str:  9 (11) XL:     5   Next: 70%
Magic:  5/5        EV: 12    Int: 13 (15) God:
Gold:   118        SH:  0    Dex: 16      Spells: 4/4 levels left

rFire    . . .     SeeInvis .   a - +2 dagger
rCold    + . .     Gourm    .   (no shield)
rNeg     . . .     Faith    .   c - +0 robe
rPois    .         Spirit   .   (no helmet)
rElec    .         Reflect  .   d - +1 cloak
rCorr    .         Harm     .   k - +0 pair of gloves
MR       .....                  p - +0 pair of boots
Stlth    +++.......             (no amulet)
HPRegen  0.13/turn              m - +3 ring of intelligence
MPRegen  0.09/turn              (no ring)

@: no status effects
A: claws 2, hooves 1, cold resistance 1
a: no special abilities


You were on level 4 of the Dungeon.
You were hungry.

You visited 1 branch of the dungeon, and saw 4 of its levels.

You collected 118 gold pieces.

Inventory:

Hand Weapons
 a - a +2 dagger (weapon)
 b - a +0 blowgun
 h - a +0 hunting sling
Missiles
 e - 30 poisoned needles
 f - 2 curare-tipped needles
 j - 112 stones (quivered)
Armour
 c - a +0 robe (worn)
 d - a +1 cloak (worn)
 k - a +0 pair of gloves (worn)
 l - a +3 scale mail
 p - a +0 pair of boots (worn)
Jewellery
 m - a +3 ring of intelligence (left hand)
Scrolls
 o - a scroll of remove curse
Potions
 n - a potion of haste
Comestibles
 g - 5 rations


   Skills:
 * Level 2.6 Fighting
 * Level 3.1 Short Blades
 * Level 2.2 Throwing
 * Level 1.9 Dodging
 * Level 5.2 Stealth


You had 4 spell levels left.
You didn't know any spells.
Your spell library was empty.

Dungeon Overview and Level Annotations

Branches:
Dungeon (4/15)
 Temple: D:4-7

Altars:
Trog
Zin


Innate Abilities, Weirdness & Mutations

You have very sharp fingernails.
You have large cloven feet.
Your flesh is cold resistant. (rC+)


Message History

The howler monkey is almost dead.
The howler monkey hits you but does no damage.
You hit the howler monkey.
You kill the howler monkey!
You feel your dexterity returning.
You hit the ogre.
The ogre is lightly wounded.
The ogre barely misses you.
You hit the ogre.
The ogre is moderately wounded.
The ogre hits you with a +0 giant club!
You hit the ogre.
The ogre is moderately wounded.
The orc wizard mumbles some strange words.
The orc wizard flickers and vanishes!
You hit the ogre.
The ogre is heavily wounded.
The ogre hits you with a +0 giant club!!
Ouch! That really hurt!
You die...

.#####.#
#...........#
.....#.#
#.........###
####.#.#
#......[..##
.)...#.#
#...........
######.#
#........... #.#
#.......####
######.# ####.#.##
.......# #.#.###
######## #@#O#.##
....# #O#.#..##
....## #{#.'...##
.....#
#O..#....####+###
.....#
#...#.....#.....#
.....#######
#.#.##....#..$..#.
...........#
#...###...'.%.$.'.
....######.# #...#
##..#..$..#. ....#
#.# #...#
##.#.....#


You could see 2 ogres.

Vanquished Creatures
  A howler monkey (D:4)
  A hound (D:4)
  A worker ant (D:4)
  6 adders
  3 worms
  2 dart slugs (D:1)
  A leopard gecko (D:2)
  An orc (D:3)
  A ball python (D:1)
  2 bats
  5 giant cockroaches
  6 goblins
  5 hobgoblins
  12 jackals
  6 kobolds
  2 quokkas
  5 frilled lizards
  7 rats
67 creatures vanquished.

Notes
Turn   | Place    | Note
-------+----------+-------------------------------------------
     0 | D:1      | beigtais the Demonspawn Assassin began the quest for the
                  | Orb.
     0 | D:1      | Reached XP level 1. HP: 16/16 MP: 1/1
    64 | D:1      | Reached skill level 1 in Dodging
    77 | D:1      | Gained mutation: You have large cloven feet. [demonic
                  | ancestry]
    77 | D:1      | Reached XP level 2. HP: 16/22 MP: 2/2
    79 | D:1      | Reached skill level 4 in Stealth
   907 | D:1      | Gained mutation: You have sharp fingernails. [demonic
                  | ancestry]
   907 | D:1      | Reached XP level 3. HP: 23/27 MP: 3/3
  1804 | D:2      | Gained mutation: You have very sharp fingernails. [demonic
                  | ancestry]
  1804 | D:2      | Reached XP level 4. HP: 33/33 MP: 4/4
  1859 | D:2      | Found a faded altar of an unknown god.
  2767 | D:3      | Found a glowing silver altar of Zin.
  2845 | D:3      | Gained mutation: Your flesh is cold resistant. (rC+)
                  | [demonic ancestry]
  2845 | D:3      | Reached XP level 5. HP: 26/39 MP: 5/5
  3105 | D:4      | Found a bloodstained altar of Trog.
  3459 | D:4      | Reached skill level 5 in Stealth
  3601 | D:4      | Noticed an ogre
  3622 | D:4      | Noticed an ogre
  3632 | D:4      | Mangled by an ogre

Skill      XL: |  1  2  3  4  5 |
---------------+----------------+-----
Dodging        | 1 |  1.9
Stealth        | 4 5 |  5.2
Short Blades   | 2 3 |  3.1
Throwing       | 2 |  2.2
Fighting       | |  2.6

Action                   |  1- 3 |  4- 6 || total
-------------------------+-------+-------++-------
Melee: Dagger            |   133 |   106 ||   239
       Kick              |    17 |    16 ||    33
Throw: Stone             |     5 |     6 ||    11
  Use: Potion            |     4 |     3 ||     7
       Scroll            |     2 |     2 ||     4
 Stab: Sleeping          |     7 |     6 ||    13
       Distracted        |       |     1 ||     1
  Eat: Chunk             |     3 |     5 ||     8
Armor: Robe              |    28 |    20 ||    48
Dodge: Dodged            |    74 |    50 ||   124
